MWL (24 & UNDER)
PLUMSTEAD EAGLES @ BARRY'S BAY ORIOLES
09/07/2030
 
TOP OF THE 1ST
Plumstead Eagles batting - Pitching for Barry's Bay Orioles : RHP Jorge Cruz
Pitching: RHP Jorge Cruz
Batting: RHB Wayne Workman 0-0: Fly out, F4 (Line Drive, 4)
Batting: RHB José Acuña 0-0: Called Strike
0-1: Swinging Strike
0-2: Ball
1-2: Strikes out swinging
Batting: LHB Conan Bush 0-0: Ball
1-0: Fly out, F5 (Popup, 5SF)
Top of the 1st over - 0 runs, 0 hits, 0 errors, 0 left on base; Plumstead 0 - Barry's Bay 0
BOTTOM OF THE 1ST
Barry's Bay Orioles batting - Pitching for Plumstead Eagles : RHP Michael Knight
Pitching: RHP Michael Knight
Batting: RHB Howard Robinson 0-0: Foul Ball, location: 2F
0-1: Fly out, F7 (Flyball, 78S)
Batting: RHB Jason Cook 0-0: Ball
1-0: Bunt - Flyout! F3
Batting: LHB Chris Russell 0-0: Ball
1-0: Reached on error, E4 (Groundball, 4MD)
Batting: RHB Dwayne Roldán 0-0: DOUBLE (Line Drive, 78D)
Chris Russell to third
Runner from 3rd tries for Home, SAFE, no throw
Batting: LHB António Machado 0-0: SINGLE (Line Drive, 4)
Dwayne Roldán to third
Runner from 3rd tries for Home, SAFE, no throw
Batting: LHB Dave Sanders 0-0: Ball
1-0: Ball
António Machado steals 2nd base
2-0: Swinging Strike
2-1: Ground out 4-3 (Groundball, 4)
Bottom of the 1st over - 2 runs, 2 hits, 1 error, 1 left on base; Plumstead 0 - Barry's Bay 2
TOP OF THE 2ND
Plumstead Eagles batting - Pitching for Barry's Bay Orioles : RHP Jorge Cruz
Batting: LHB Jerry Tolbert 0-0: Swinging Strike
0-1: Swinging Strike
0-2: Foul Ball, location: 2F
0-2: Ball
1-2: Strikes out swinging
Batting: LHB Miguel Gamboa 0-0: SINGLE (Groundball, 6MD)
Batting: LHB Joe Rutherford 0-0: Ball
1-0: Foul Ball, location: 2F
1-1: Ball
2-1: Ball
3-1: Swinging Strike
3-2: Foul Ball, location: 2F
3-2: Base on Balls
Miguel Gamboa to second
Batting: RHB Jimmy Myers 0-0: Ball
1-0: Foul Ball, location: 2F
1-1: Called Strike
1-2: Foul Ball, location: 2F
1-2: Grounds into double play, 6-4-3 (Groundball, 6)
Top of the 2nd over - 0 runs, 1 hit, 0 errors, 1 left on base; Plumstead 0 - Barry's Bay 2
BOTTOM OF THE 2ND
Barry's Bay Orioles batting - Pitching for Plumstead Eagles : RHP Michael Knight
Batting: RHB Bob Watson 0-0: Called Strike
0-1: Ball
1-1: Fly out, F4 (Line Drive, 4)
Batting: RHB Nolan Houston 0-0: Foul Ball, location: 2F
0-1: Ball
1-1: Swinging Strike
1-2: SINGLE (Popup, 23)
Batting: RHB Reed Brown 0-0: Called Strike
Nolan Houston steals 2nd base
0-1: Called Strike
0-2: Ball
1-2: Foul Ball, location: 2F
1-2: Foul Ball, location: 2F
1-2: Ball
2-2: Strikes out swinging
Batting: RHB Howard Robinson 0-0: Ground out 4-3 (Groundball, 4)
Bottom of the 2nd over - 0 runs, 1 hit, 0 errors, 1 left on base; Plumstead 0 - Barry's Bay 2
TOP OF THE 3RD
Plumstead Eagles batting - Pitching for Barry's Bay Orioles : RHP Jorge Cruz
Batting: LHB António Álvarez 0-0: Hit by Pitch
Batting: LHB Roberto Alba 0-0: Called Strike
0-1: Foul Ball, location: 2F
0-2: Strikes out swinging
António Álvarez steals 2nd base
Batter strikes out.
Batting: RHB Wayne Workman 0-0: Called Strike
0-1: DOUBLE (Line Drive, 7LD)
António Álvarez scores
Batting: RHB José Acuña 0-0: Ball
1-0: Foul Ball, location: 2F
1-1: Foul Ball, location: 2F
1-2: Foul Ball, location: 2F
1-2: Ball
2-2: Strikes out swinging
Batting: LHB Conan Bush 0-0: Ball
1-0: Called Strike
1-1: Ground out 5-3 (Groundball, 5)
Top of the 3rd over - 1 run, 1 hit, 0 errors, 1 left on base; Plumstead 1 - Barry's Bay 2
BOTTOM OF THE 3RD
Barry's Bay Orioles batting - Pitching for Plumstead Eagles : RHP Michael Knight
Batting: RHB Jason Cook 0-0: Bunt for hit - play at first, batter OUT! 3-4
Batting: LHB Chris Russell 0-0: Ball
1-0: Foul Ball, location: 2F
1-1: DOUBLE (Line Drive, 9D)
Batting: RHB Dwayne Roldán 0-0: Swinging Strike
0-1: SINGLE (Line Drive, 8LS)
Chris Russell to third
Batting: LHB António Machado 0-0: Ball
Dwayne Roldán is caught stealing 2nd base
1-0: Foul Ball, location: 2F
1-1: Ball
2-1: Ball
3-1: Foul Ball, location: 2F
3-2: Foul Ball, location: 2F
3-2: Base on Balls
Batting: LHB Dave Sanders 0-0: Ball
1-0: Foul Ball, location: 2F
1-1: SINGLE (Line Drive, 4MD)
Chris Russell scores
António Machado to second
Batting: RHB Bob Watson 0-0: Ball
1-0: Ball
2-0: SINGLE (Groundball, 4MD)
António Machado to third
Dave Sanders to second
Runner from 3rd tries for Home, SAFE, no throw
Batting: RHB Nolan Houston 0-0: Ball
1-0: Ball
2-0: Ball
3-0: Called Strike
3-1: Foul Ball, location: 2F
3-2: Strikes out looking
Bottom of the 3rd over - 2 runs, 4 hits, 0 errors, 2 left on base; Plumstead 1 - Barry's Bay 4
TOP OF THE 4TH
Plumstead Eagles batting - Pitching for Barry's Bay Orioles : RHP Jorge Cruz
Batting: LHB Jerry Tolbert 0-0: Called Strike
0-1: Fly out, F4 (Line Drive, 4)
Batting: LHB Miguel Gamboa 0-0: Called Strike
0-1: Hit by Pitch
Batting: LHB Joe Rutherford 0-0: Ball
1-0: Foul Ball, location: 2F
1-1: Fielders Choice at 2nd, 6-4 (Groundball, 6M)
Batting: RHB Jimmy Myers 0-0: Ball
1-0: Swinging Strike
1-1: Swinging Strike
1-2: Foul Ball, location: 2F
1-2: Strikes out swinging
Top of the 4th over - 0 runs, 0 hits, 0 errors, 1 left on base; Plumstead 1 - Barry's Bay 4
BOTTOM OF THE 4TH
Barry's Bay Orioles batting - Pitching for Plumstead Eagles : RHP Michael Knight
Batting: RHB Reed Brown 0-0: Foul Ball, location: 2F
0-1: SINGLE (Groundball, 6MD)
Batting: RHB Howard Robinson 0-0: Ball
1-0: Foul Ball, location: 2F
1-1: Foul Ball, location: 2F
1-2: SINGLE (Groundball, 6) (infield hit)
Reed Brown to second
Batting: RHB Jason Cook 0-0: Ball
1-0: Ball
2-0: Called Strike
2-1: Foul Ball, location: 2F
2-2: Fly out, F9 (Flyball, 89M)
Batting: LHB Chris Russell 0-0: Called Strike
0-1: Swinging Strike
0-2: Ball
1-2: Foul Ball, location: 2F
1-2: Foul Ball, location: 2F
1-2: Ball
2-2: Foul Ball, location: 2F
2-2: Fly out, F7 (Line Drive, 78M)
Batting: RHB Dwayne Roldán 0-0: Ball
1-0: Fielders Choice at 2nd, 6-4 (Groundball, 6)
Bottom of the 4th over - 0 runs, 2 hits, 0 errors, 2 left on base; Plumstead 1 - Barry's Bay 4
TOP OF THE 5TH
Plumstead Eagles batting - Pitching for Barry's Bay Orioles : RHP Jorge Cruz
Batting: LHB António Álvarez 0-0: Ball
1-0: Called Strike
1-1: Called Strike
1-2: Foul Ball, location: 2F
1-2: Strikes out swinging
Batting: LHB Roberto Alba 0-0: Ball
1-0: Foul Ball, location: 2F
1-1: SINGLE (Line Drive, 4MD)
Batting: RHB Wayne Workman 0-0: Ball
1-0: Ball
2-0: Ball
3-0: Called Strike
3-1: Single, Error in OF, E7, batter to second base
Roberto Alba to third
Batting: RHB José Acuña 0-0: Called Strike
0-1: Called Strike
0-2: Ball
1-2: Strikes out swinging
Batting: LHB Conan Bush 0-0: Ball
1-0: Foul Ball, location: 2F
1-1: Foul Ball, location: 2F
1-2: Ball
2-2: Ball
3-2: Foul Ball, location: 2F
3-2: Foul Ball, location: 2F
3-2: Ground out 4-3 (Groundball, 4M)
Top of the 5th over - 0 runs, 2 hits, 1 error, 2 left on base; Plumstead 1 - Barry's Bay 4
BOTTOM OF THE 5TH
Barry's Bay Orioles batting - Pitching for Plumstead Eagles : RHP Michael Knight
Batting: LHB António Machado 0-0: Foul Ball, location: 2F
0-1: Ball
1-1: Fly out, F7 (Flyball, 78M)
Batting: LHB Dave Sanders 0-0: Ball
1-0: Ground out 4-3 (Groundball, 4)
Batting: RHB Bob Watson 0-0: Foul Ball, location: 2F
0-1: Ball
1-1: Ball
2-1: SINGLE (Groundball, 56D)
Batting: RHB Nolan Houston 0-0: Called Strike
0-1: Ball
1-1: Fly out, F9 (Flyball, 9D)
Bottom of the 5th over - 0 runs, 1 hit, 0 errors, 1 left on base; Plumstead 1 - Barry's Bay 4
TOP OF THE 6TH
Plumstead Eagles batting - Pitching for Barry's Bay Orioles : RHP Jorge Cruz
Batting: LHB Jerry Tolbert 0-0: Called Strike
0-1: Ball
1-1: Foul Ball, location: 2F
1-2: SOLO HOME RUN (Flyball, 9LD), Distance : 327 ft
Batting: LHB Miguel Gamboa 0-0: Foul Ball, location: 2F
0-1: Foul Ball, location: 2F
0-2: Ball
1-2: Strikes out swinging
Batting: LHB Joe Rutherford 0-0: Fly out, F7 (Flyball, 7S)
Batting: RHB Jimmy Myers 0-0: Ball
1-0: Ball
2-0: Foul Ball, location: 2F
2-1: Called Strike
2-2: Ball
3-2: Base on Balls
Batting: LHB António Álvarez 0-0: Ball
1-0: Ball
2-0: Foul Ball, location: 2F
2-1: Ball
3-1: Foul Ball, location: 2F
3-2: Foul Ball, location: 2F
3-2: DOUBLE (Groundball, 3L)
Jimmy Myers to third
Jimmy Myers scores
Batting: LHB Roberto Alba 0-0: Swinging Strike
0-1: Foul Ball, location: 2F
0-2: Strikes out looking
Top of the 6th over - 2 runs, 2 hits, 0 errors, 1 left on base; Plumstead 3 - Barry's Bay 4
BOTTOM OF THE 6TH
Barry's Bay Orioles batting - Pitching for Plumstead Eagles : RHP Michael Knight
Batting: RHB Reed Brown 0-0: Fly out, F9 (Flyball, 9LS)
Batting: RHB Howard Robinson 0-0: Ball
1-0: Ball
2-0: Ball
3-0: Base on Balls
Batting: RHB Jason Cook 0-0: Ball
1-0: Ball
2-0: Fly out, F6 (Popup, 6M)
Batting: LHB Chris Russell 0-0: Ball
1-0: Called Strike
1-1: Fly out, F9 (Flyball, 89M)
Bottom of the 6th over - 0 runs, 0 hits, 0 errors, 1 left on base; Plumstead 3 - Barry's Bay 4
TOP OF THE 7TH
Plumstead Eagles batting - Pitching for Barry's Bay Orioles : RHP Jorge Cruz
Batting: RHB Wayne Workman 0-0: Foul Ball, location: 2F
0-1: Ball
1-1: Foul Ball, location: 2F
1-2: Fly out, F7 (Line Drive, 7D)
Batting: RHB José Acuña 0-0: Called Strike
0-1: Ground out U3 (Groundball, 34)
Batting: LHB Conan Bush 0-0: DOUBLE (Groundball, 5L)
Batting: LHB Jerry Tolbert 0-0: SINGLE (Line Drive, 7S)
Conan Bush to third
Batting: LHB Miguel Gamboa 0-0: Ball
1-0: Ball
2-0: Ball
3-0: Called Strike
3-1: Base on Balls
Jerry Tolbert to second
Batting: LHB Joe Rutherford 0-0: Foul Ball, location: 2F
0-1: Ball
1-1: Called Strike
1-2: Foul Ball, location: 2F
1-2: Ball
2-2: Ball
3-2: Base on Balls
Conan Bush scores
Jerry Tolbert to third
Miguel Gamboa to second
Pitching: RHP Gianfranco Confalonieri
Pinch Hitting: LHB Roberto Rodríguez 0-0: Called Strike
0-1: Called Strike
0-2: Ball
1-2: Strikes out looking
Top of the 7th over - 1 run, 2 hits, 0 errors, 3 left on base; Plumstead 4 - Barry's Bay 4
BOTTOM OF THE 7TH
Barry's Bay Orioles batting - Pitching for Plumstead Eagles : RHP Michael Knight
Pitching: RHP Sean Vázquez
Now at 2B: Roland Murphy
Batting: RHB Dwayne Roldán 0-0: Called Strike
0-1: SINGLE (Line Drive, 8LS)
Batting: LHB António Machado 0-0: Foul Ball, location: 2F
0-1: Foul Ball, location: 2F
0-2: Ball
1-2: Foul Ball, location: 2F
1-2: Fielders Choice at 2nd, 4-6 (Groundball, 4)
Batting: LHB Dave Sanders 0-0: Ball
1-0: Called Strike
1-1: Ball
2-1: Foul Ball, location: 2F
2-2: Strikes out swinging
Pinch Hitting: RHB Esteban Álvarez 0-0: Called Strike
António Machado steals 2nd base
0-1: Ball
1-1: Called Strike
1-2: Ball
2-2: SINGLE (Line Drive, 6D)
António Machado to third
Runner from 3rd tries for Home, SAFE, no throw
Pinch Hitting: RHB Ray Bray 0-0: Ball
1-0: Called Strike
1-1: Fly out, F4 (Line Drive, 4)
Bottom of the 7th over - 1 run, 2 hits, 0 errors, 1 left on base; Plumstead 4 - Barry's Bay 5
TOP OF THE 8TH
Plumstead Eagles batting - Pitching for Barry's Bay Orioles : RHP Gianfranco Confalonieri
Now at 3B: Francisco Fidal
Now in LF: Esteban Álvarez
Batting: LHB António Álvarez 0-0: Foul Ball, location: 2F
0-1: Foul Ball, location: 2F
0-2: Foul Ball, location: 2F
0-2: Strikes out swinging
Batting: LHB Roberto Alba 0-0: Called Strike
0-1: Ball
1-1: Foul Ball, location: 2F
1-2: Ball
2-2: Foul Ball, location: 2F
2-2: Ball
3-2: Foul Ball, location: 2F
3-2: SINGLE (Groundball, 6MD)
Pitching: RHP Sancho Martínez
Batting: RHB Wayne Workman 0-0: Foul Ball, location: 2F
0-1: Swinging Strike
0-2: Strikes out looking
Pinch Hitting: RHB Larry Johnson 0-0: Ball
1-0: Ball
2-0: Called Strike
2-1: Called Strike
2-2: Strikes out swinging
Top of the 8th over - 0 runs, 1 hit, 0 errors, 1 left on base; Plumstead 4 - Barry's Bay 5
BOTTOM OF THE 8TH
Barry's Bay Orioles batting - Pitching for Plumstead Eagles : RHP Sean Vázquez
Now at SS: José Gómez
Batting: RHB Reed Brown 0-0: Ball
1-0: Ball
2-0: Swinging Strike
2-1: Called Strike
2-2: Ground out 6-3 (Groundball, 6M)
Batting: RHB Howard Robinson 0-0: Called Strike
0-1: Swinging Strike
0-2: Foul Ball, location: 2F
0-2: Foul Ball, location: 2F
0-2: Ball
1-2: Ball
2-2: SINGLE (Groundball, 5) (infield hit)
Batting: RHB Jason Cook 0-0: Called Strike
0-1: Foul Ball, location: 2F
0-2: Fly out, F7 (Flyball, 78M)
Batting: LHB Chris Russell 0-0: Fly out, F8 (Flyball, 8LD)
Bottom of the 8th over - 0 runs, 1 hit, 0 errors, 1 left on base; Plumstead 4 - Barry's Bay 5
TOP OF THE 9TH
Plumstead Eagles batting - Pitching for Barry's Bay Orioles : RHP Sancho Martínez
Batting: LHB Conan Bush 0-0: Ball
1-0: Swinging Strike
1-1: Called Strike
1-2: Foul Ball, location: 2F
1-2: Fly out, F8 (Flyball, 8RM)
Batting: LHB Jerry Tolbert 0-0: Ball
1-0: Ground out 4-3 (Groundball, 4)
Batting: LHB Miguel Gamboa 0-0: Called Strike
0-1: Ball
1-1: Foul Ball, location: 2F
1-2: Ball
2-2: Fly out, F4 (Popup, 4MS)
Top of the 9th over - 0 runs, 0 hits, 0 errors, 0 left on base; Plumstead 4 - Barry's Bay 5
Saturday, April 7th, 2018 - OOTP Baseball 18.8 Build 76